General information
- name: BNet
- type: Ladder team game (AT/RT)
- host: Battle.net
- saver: STARWARSJEDI.
map: MarketSquare
- players: 8
- length: 28:26
- speed: Fast
- version: 1.26 W3XP
- replay type: Public
» download(183 KB)
Players
team 1 (winner)
AFB_Marco (
blue | 51 APM | 1448 actions | 28:24)
4 Blademaster
2 Wind Walk
2 Critical Strike
3 Shadow Hunter
1 Hex
2 Healing Wave
3 Tauren Chieftain
1 War Stomp
2 Endurance Aura
» actions
| Assign group hotkey | 32 | |
| Basic commands | 61 | |
| Build / train | 66 | |
| Enter build submenu | 19 | |
| Enter hero's abilities submenu | 10 | |
| Give item / drop item | 1 | |
| Remove unit from queue | 1 | |
| Right click | 415 | |
| Select / deselect | 247 | |
| Select group hotkey | 422 | |
| Use ability | 174 | |
1448 total
» units
| Peon | 18 | |
| Grunt | 3 | |
| Troll Witch Doctor | 5 | |
| Spirit Walker | 3 | |
| Tauren | 6 | |
35 total
» upgrades
| Witch Doctor Training | 2 | |
| Spirit Walker Training | 2 | |
| Armor | 3 | |
| Melee Weapons | 3 | |
| Pulverize | 1 | |
11 total
» buildings
| Altar of Storms | 1 | |
| Orc Burrow | 10 | |
| Voodoo Lounge | 1 | |
| Barracks | 1 | |
| Stronghold | 1 | |
| War Mill | 1 | |
| Spirit Lodge | 2 | |
| Great Hall | 1 | |
| Fortress | 1 | |
| Tauren Totem | 2 | |
21 total
» build order
00:03 Altar of Storms
00:13 Orc Burrow
00:52 Voodoo Lounge
01:24 Barracks
01:41 Orc Burrow
01:44 Orc Burrow
03:08 Stronghold
04:32 Orc Burrow
04:47 War Mill
05:45 Spirit Lodge
05:47 Spirit Lodge
07:00 Great Hall
07:33 Fortress
10:17 Tauren Totem
10:19 Tauren Totem
10:56 Orc Burrow
10:58 Orc Burrow
12:43 Orc Burrow
16:53 Orc Burrow
16:59 Orc Burrow
21:44 Orc Burrow
» items
| Lesser Clarity Potion | 1 | |
| Healing Salve | 2 | |
| Orb of Lightning | 1 | |
4 total

»
SoulsCollector (
red | 45 APM | 1284 actions | 28:24)
5 Mountain King
2 Storm Bolt
1 Thunder Clap
2 Bash
4 Paladin
1 Holy Light
1 Divine Shield
2 Devotion Aura
» actions
| Assign group hotkey | 31 | |
| Build / train | 67 | |
| Enter build submenu | 24 | |
| Enter hero's abilities submenu | 9 | |
| Give item / drop item | 1 | |
| Remove unit from queue | 1 | |
| Right click | 490 | |
| Select / deselect | 161 | |
| Select group hotkey | 455 | |
| Use ability | 45 | |
1284 total
» units
| Peasant | 8 | |
| Footman | 4 | |
| Rifleman | 5 | |
| Dragonhawk Rider | 3 | |
| Gryphon Rider | 8 | |
| Knight | 2 | |
30 total
» upgrades
| Swords | 2 | |
| Armor | 3 | |
| Lumber Harvesting | 1 | |
| Cloud | 1 | |
| Storm Hammers | 1 | |
| Animal War Training | 1 | |
| Long Rifles | 1 | |
| Gunpowder | 1 | |
11 total
» buildings
| Farm | 11 | |
| Altar of Kings | 1 | |
| Barracks | 1 | |
| Lumber Mill | 1 | |
| Scout Tower | 3 | |
| Blacksmith | 1 | |
| Guard Tower | 3 | |
| Keep | 1 | |
| Arcane Vault | 1 | |
| Gryphon Aviary | 2 | |
| Castle | 1 | |
| Town Hall | 2 | |
28 total
» build order
00:15 Farm
00:23 Altar of Kings
00:38 Barracks
00:57 Farm
01:31 Farm
01:37 Lumber Mill
02:03 Farm
02:51 Scout Tower
02:55 Blacksmith
03:49 Farm
03:51 Guard Tower
03:54 Keep
04:06 Arcane Vault
04:10 Farm
05:12 Scout Tower
05:16 Farm
05:40 Guard Tower
06:17 Gryphon Aviary
06:20 Gryphon Aviary
07:57 Castle
09:03 Farm
09:05 Scout Tower
10:30 Farm
10:33 Guard Tower
11:13 Farm
15:08 Farm
16:32 Town Hall
21:53 Town Hall
» items
| Scroll of Regeneration | 2 | |
| Lesser Clarity Potion | 3 | |
| Potion of Healing | 2 | |
| Orb of Fire | 2 | |
9 total

»
STARWARSJEDI. (
teal | 80 APM | 2273 actions | 28:26)
8 Blademaster
3 Wind Walk
3 Critical Strike
1 Bladestorm
1 Mirror Image
» actions
| Assign group hotkey | 70 | |
| Basic commands | 15 | |
| Build / train | 69 | |
| Enter build submenu | 15 | |
| Enter hero's abilities submenu | 8 | |
| Give item / drop item | 10 | |
| Right click | 983 | |
| Select / deselect | 158 | |
| Select group hotkey | 734 | |
| Use ability | 211 | |
2273 total
» units
| Peon | 10 | |
| Troll Batrider | 12 | |
| Raider | 1 | |
23 total
» upgrades
| Ranged Weapons | 3 | |
| Liquid Fire | 1 | |
| Reinforced Defenses | 1 | |
| Ensnare | 1 | |
6 total
» buildings
| Altar of Storms | 1 | |
| Orc Burrow | 5 | |
| War Mill | 1 | |
| Voodoo Lounge | 1 | |
| Watch Tower | 9 | |
| Stronghold | 2 | |
| Fortress | 1 | |
| Beastiary | 3 | |
23 total
» build order
00:17 Altar of Storms
00:23 Orc Burrow
00:53 War Mill
01:07 Voodoo Lounge
01:43 Orc Burrow
02:20 Watch Tower
02:55 Watch Tower
03:25 Watch Tower
03:47 Stronghold
04:05 Watch Tower
04:25 Watch Tower
04:51 Orc Burrow
04:52 Orc Burrow
05:45 Orc Burrow
06:28 Fortress
07:28 Watch Tower
07:29 Watch Tower
07:29 Watch Tower
08:43 Beastiary
09:17 Beastiary
» items
| Lesser Clarity Potion | 6 | |
| Healing Salve | 2 | |
| Staff of Teleportation | 1 | |
| Boots of Speed | 1 | |
| Dust of Appearance | 1 | |
| Orb of Lightning | 1 | |
| Potion of Healing | 7 | |
| Scroll of Regeneration | 1 | |
| Scroll of Town Portal | 1 | |
| Potion of Mana | 4 | |
| Potion of Lesser Invulnerability | 1 | |
| Tiny Great Hall | 1 | |
27 total
SEXii (
purple | 72 APM | 2048 actions | 28:24)
5 Keeper of the Grove
2 Entangling Roots
3 Thorns Aura
» actions
| Assign group hotkey | 40 | |
| Basic commands | 1 | |
| Build / train | 68 | |
| ESC pressed | 3 | |
| Enter build submenu | 29 | |
| Enter hero's abilities submenu | 5 | |
| Remove unit from queue | 1 | |
| Right click | 697 | |
| Select / deselect | 216 | |
| Select group hotkey | 937 | |
| Use ability | 51 | |
2048 total
» units
| Wisp | 23 | |
| Hippogryph | 12 | |
| Chimaera | 15 | |
50 total
» upgrades
| Corrosive Breath | 1 | |
| Moon Armor | 2 | |
| Strength of the Moon | 1 | |
| Strength of the Wild | 1 | |
5 total
» buildings
| Altar of Elders | 1 | |
| Moon Well | 9 | |
| Tree of Ages | 1 | |
| Hunter's Hall | 1 | |
| Tree of Eternity | 3 | |
| Ancient of Wind | 3 | |
| Chimaera Roost | 5 | |
| Tree of Life | 1 | |
| Ancient Protector | 5 | |
29 total
» build order
00:14 Altar of Elders
00:34 Moon Well
01:48 Moon Well
02:49 Moon Well
03:09 Tree of Ages
03:50 Moon Well
04:37 Moon Well
04:48 Moon Well
05:07 Hunter's Hall
05:32 Tree of Eternity
05:32 Tree of Eternity
05:36 Ancient of Wind
05:40 Ancient of Wind
05:48 Ancient of Wind
05:51 Moon Well
06:55 Moon Well
08:34 Chimaera Roost
08:38 Chimaera Roost
08:42 Chimaera Roost
08:49 Chimaera Roost
08:52 Chimaera Roost
09:01 Moon Well
10:00 Tree of Life
10:09 Ancient Protector
10:35 Ancient Protector
11:19 Ancient Protector
11:38 Ancient Protector
13:16 Ancient Protector
team 2 (loser)
KinG_DiNKeR (
orange | 76 APM | 2152 actions | 28:25)
7 Blademaster
3 Wind Walk
3 Critical Strike
1 Bladestorm
2 Tauren Chieftain
1 Shockwave
1 Endurance Aura
» actions
| Assign group hotkey | 47 | |
| Basic commands | 34 | |
| Build / train | 100 | |
| ESC pressed | 3 | |
| Enter build submenu | 19 | |
| Enter hero's abilities submenu | 9 | |
| Give item / drop item | 2 | |
| Remove unit from queue | 1 | |
| Right click | 1217 | |
| Select / deselect | 344 | |
| Select group hotkey | 203 | |
| Use ability | 168 | |
2152 total
» units
| Peon | 16 | |
| Wind Rider | 5 | |
| Troll Batrider | 42 | |
63 total
» upgrades
| Envenomed Spears | 1 | |
| Reinforced Defenses | 1 | |
| Armor | 3 | |
5 total
» buildings
| Altar of Storms | 1 | |
| Orc Burrow | 6 | |
| Voodoo Lounge | 1 | |
| Stronghold | 3 | |
| Beastiary | 2 | |
| Fortress | 2 | |
| War Mill | 1 | |
| Watch Tower | 7 | |
| Great Hall | 1 | |
24 total
» build order
00:12 Altar of Storms
00:21 Orc Burrow
00:35 Voodoo Lounge
02:19 Stronghold
02:20 Stronghold
02:57 Orc Burrow
03:01 Orc Burrow
03:29 Orc Burrow
04:53 Beastiary
04:55 Beastiary
05:13 Fortress
05:13 Fortress
07:06 War Mill
09:46 Watch Tower
09:58 Orc Burrow
10:56 Watch Tower
11:51 Orc Burrow
13:08 Great Hall
23:31 Watch Tower
23:35 Watch Tower
23:48 Watch Tower
24:08 Watch Tower
24:21 Watch Tower
» items
| Healing Salve | 5 | |
| Lesser Clarity Potion | 2 | |
| Boots of Speed | 1 | |
| Orb of Lightning | 1 | |
| Potion of Healing | 1 | |
| Tiny Great Hall | 1 | |
11 total
Green_Slimegirl (
yellow | 43 APM | 979 actions | 23:00)
4 Archmage
2 Summon Water Elemental
2 Blizzard
» actions
| Basic commands | 41 | |
| Build / train | 49 | |
| ESC pressed | 13 | |
| Enter build submenu | 28 | |
| Enter hero's abilities submenu | 4 | |
| Remove unit from queue | 1 | |
| Right click | 473 | |
| Select / deselect | 294 | |
| Use ability | 75 | |
979 total
» units
| Peasant | 13 | |
| Footman | 9 | |
| Spell Breaker | 3 | |
| Priest | 2 | |
| Sorceress | 8 | |
| Dragonhawk Rider | 2 | |
37 total
» upgrades
| Defend | 1 | |
| Sorceress Training | 1 | |
| Swords | 1 | |
3 total
» buildings
| Farm | 12 | |
| Altar of Kings | 1 | |
| Barracks | 6 | |
| Keep | 1 | |
| Arcane Sanctum | 2 | |
| Arcane Vault | 1 | |
| Lumber Mill | 3 | |
| Gryphon Aviary | 1 | |
| Blacksmith | 1 | |
| Castle | 1 | |
| Town Hall | 2 | |
31 total
» build order
00:07 Farm
00:09 Altar of Kings
00:30 Barracks
00:53 Farm
02:29 Farm
03:05 Keep
03:10 Farm
06:14 Arcane Sanctum
06:16 Arcane Sanctum
06:54 Arcane Vault
07:16 Farm
07:20 Farm
07:47 Lumber Mill
10:14 Gryphon Aviary
10:30 Farm
10:57 Blacksmith
11:54 Farm
11:55 Farm
11:58 Castle
12:43 Town Hall
16:34 Town Hall
20:31 Barracks
20:33 Barracks
20:34 Barracks
20:35 Barracks
20:56 Barracks
21:39 Lumber Mill
21:43 Lumber Mill
22:04 Farm
22:07 Farm
» items

»
BlackSpider (
pink | 38 APM | 1091 actions | 28:24)
6 Blademaster
2 Wind Walk
3 Critical Strike
1 Bladestorm
» actions
| Basic commands | 635 | |
| Build / train | 52 | |
| ESC pressed | 6 | |
| Enter build submenu | 30 | |
| Enter hero's abilities submenu | 6 | |
| Give item / drop item | 4 | |
| Remove unit from queue | 1 | |
| Right click | 6 | |
| Select / deselect | 251 | |
| Use ability | 100 | |
1091 total
» units
| Peon | 16 | |
| Wind Rider | 7 | |
| Troll Batrider | 4 | |
27 total
» upgrades
| Spiked Barricades | 1 | |
| Envenomed Spears | 1 | |
| Ranged Weapons | 1 | |
| Armor | 1 | |
| Liquid Fire | 1 | |
| Reinforced Defenses | 1 | |
6 total
» buildings
| Altar of Storms | 1 | |
| Orc Burrow | 6 | |
| Voodoo Lounge | 1 | |
| War Mill | 1 | |
| Stronghold | 1 | |
| Watch Tower | 12 | |
| Fortress | 1 | |
| Beastiary | 2 | |
| Great Hall | 2 | |
27 total
» build order
00:07 Altar of Storms
00:22 Orc Burrow
01:06 Voodoo Lounge
01:22 Orc Burrow
01:53 Orc Burrow
02:54 War Mill
03:18 Stronghold
04:15 Watch Tower
04:18 Watch Tower
04:43 Orc Burrow
05:41 Fortress
05:45 Beastiary
05:49 Beastiary
05:58 Watch Tower
09:27 Orc Burrow
10:37 Great Hall
10:42 Watch Tower
12:49 Watch Tower
13:14 Watch Tower
13:49 Watch Tower
14:27 Watch Tower
15:02 Watch Tower
16:36 Watch Tower
17:58 Watch Tower
19:14 Watch Tower
21:31 Great Hall
21:36 Orc Burrow
» items
| Healing Salve | 2 | |
| Lesser Clarity Potion | 1 | |
| Circlet of Nobility | 2 | |
| Boots of Speed | 1 | |
| Orb of Lightning | 1 | |
| Potion of Healing | 2 | |
9 total

»
signore.choch (
green | 22 APM | 538 actions | 24:55)
4 Death Knight
2 Death Coil
2 Unholy Aura
4 Crypt Lord
2 Impale
2 Spiked Carapace
» actions
| Build / train | 39 | |
| Enter build submenu | 15 | |
| Enter hero's abilities submenu | 8 | |
| Give item / drop item | 1 | |
| Right click | 292 | |
| Select / deselect | 156 | |
| Use ability | 27 | |
538 total
» units
| Acolyte | 4 | |
| Ghoul | 2 | |
| Crypt Fiend | 10 | |
16 total
» upgrades
| Web | 1 | |
| Burrow | 1 | |
| Creature Attack | 2 | |
| Creature Carapace | 2 | |
6 total
» buildings
| Ziggurat | 8 | |
| Tomb of Relics | 1 | |
| Graveyard | 1 | |
| Altar of Darkness | 1 | |
| Crypt | 2 | |
| Nerubian Tower | 3 | |
| Halls of the Dead | 1 | |
| Black Citadel | 1 | |
| Spirit Tower | 1 | |
19 total
» build order
01:04 Ziggurat
01:12 Tomb of Relics
01:18 Ziggurat
01:36 Graveyard
01:48 Altar of Darkness
01:55 Crypt
02:09 Crypt
02:50 Ziggurat
03:41 Ziggurat
04:08 Nerubian Tower
04:19 Ziggurat
04:23 Ziggurat
05:08 Halls of the Dead
07:08 Ziggurat
07:21 Ziggurat
07:31 Black Citadel
15:27 Nerubian Tower
15:31 Nerubian Tower
15:33 Spirit Tower
» items
Chat log
(00:18 / Allies) SEXii: im air
(00:26 / Allies) SEXii: hypos n chimeras
(01:17 / Allies) SoulsCollector: foots to gryphs
(02:13 / Allies) SEXii: im got air
(02:19 / Allies) SEXii: get melle
(02:21 / Allies) SEXii: and tanks
(03:11 / Allies) STARWARSJEDI.: go away
(03:13 / Allies) STARWARSJEDI.: these are myc reeps
(03:28 / Allies) STARWARSJEDI.: arrogant bastard
(09:41 / Allies) SEXii: help me here
(13:45 / Allies) AFB_Marco: purp?
(14:03 / Allies) AFB_Marco: stop p^laying?
(14:44 / All) KinG_DiNKeR: nice hack blue
(14:48 / All) KinG_DiNKeR: scrub
(14:56 / Allies) AFB_Marco: ward my friend
(16:48 / Allies) AFB_Marco: meet and hit
(16:51 / All) KinG_DiNKeR: FUN GAME
(17:12 / All) KinG_DiNKeR: GUESS I GO BAT SCRUBS
(17:18 / All) STARWARSJEDI.: lol
(18:53 / All) signore.choch: ur town
(24:52 / All) STARWARSJEDI.: free items nigga
(27:13 / All) SoulsCollector: you lost horribly
(27:18 / All) BlackSpider: yeap
(27:23 / All) KinG_DiNKeR: YOU SUCK HORRIBLY
(27:31 / All) STARWARSJEDI.: aka kodo
(28:07 / All) SoulsCollector: dude you blow stfu take the loss